 Dungeon Crawl Stone Soup version 0.19.5 (webtiles) character file.

98 ranter the Cudgeler (level 4, 0/45 HPs)
             Began as a Troll Berserker on May 4, 2017.
             Was a Believer of Trog.
             Slain by Robin
             ... wielding a +6 club
              (4 damage)
             ... on level 3 of the Dungeon.
             The game lasted 00:17:07 (2087 turns).

ranter the Cudgeler (Troll Berserker)               Turns: 2087, Time: 00:17:08

Health: 0/45       AC:  6    Str: 26    XL:     4   Next: 44%
Magic:  3/3        EV: 10    Int:  3    God:    Trog [**....]
Gold:   181        SH:  0    Dex:  9    Spells: 0 memorised, 3 levels left

rFire  x . .     SeeInvis .     q - -2 whip (curse)
rCold  + . .     Gourm    +     b - +1 animal skin
rNeg   . . .     Faith    .     (no shield)
rPois  .         Spirit   .     (helmet restricted)
rElec  .         Reflect  .     (no cloak)
rCorr  .         Harm     .     (gloves unavailable)
MR     .....                    (boots unavailable)
Stlth  +.........               (no amulet)
                                D - +3 ring of slaying
                                y - ring of ice

@: no status effects
A: unfitting armour, claws 3, fast metabolism 3, gourmand, regeneration 1,
shaggy fur 1, tough skin 2
a: Berserk, Trog's Hand, Burn Spellbooks, Renounce Religion


You were on level 3 of the Dungeon.
You worshipped Trog.
Trog was pleased with you.
You were completely stuffed.

You visited 1 branch of the dungeon, and saw 3 of its levels.

You collected 181 gold pieces.

Inventory:

Hand Weapons
 a - a +0 mace
 d - a +0 club
 e - a cursed -3 club
 f - a +0 spear
 i - a +0 club
 k - a cursed -3 hunting sling
 o - a +0 whip
 q - a cursed -2 whip (weapon)
 r - a +0 club
 s - a +0 dagger
 t - a +0 hand axe
 x - a cursed -3 dagger
 H - a +0 hunting sling
Missiles
 g - 25 sling bullets
 j - 188 stones (quivered)
 w - 21 arrows
 A - 7 javelins
Armour
 b - a +1 animal skin (worn)
 l - a +1 helmet
 n - a +0 helmet
 E - a +0 plate armour
 G - a +0 helmet
Jewellery
 y - a ring of ice (left claw)
 D - a +3 ring of slaying (right claw)
Scrolls
 u - a scroll of noise
Potions
 h - 3 potions of curing
 p - a potion of beneficial mutation {unknown}
 z - a potion of invisibility {unknown}
 B - a potion of lignification {unknown}
 C - a potion of heal wounds {unknown}
Comestibles
 c - 2 bread rations
 m - 2 meat rations
 v - a beef jerky


   Skills:
 + Level 3.0 Fighting
 + Level 3.6 Maces & Flails
 + Level 3.2 Dodging


You had 3 spell levels left.
You didn't know any spells.

Dungeon Overview and Level Annotations

Branches:
Dungeon (3/15)

Altars:

Annotations:
D:3 Robin


Innate Abilities, Weirdness & Mutations

You are too large for most types of armour.
You have claws for hands.
Your metabolism is lightning-fast.
You like to eat raw meat.
Your natural rate of healing is unusually fast.
You are covered in fur. (AC +1)
You have very tough skin. (AC +2)


Message History

Robin roars a battlecry!
You barely miss Robin.
The gnoll hits you from afar with a spear.
Robin hits you but does no damage.
You closely miss Robin. The gnoll hits you but does no damage.
You barely miss Robin. Robin closely misses you. The gnoll closely misses you.
You hit Robin.
Robin is lightly wounded.
The gnoll hits you but does no damage. Robin hits you with an enchanted club!
You hit Robin.
Robin is lightly wounded.
The gnoll hits you from afar with a spear.
Robin hits you with an enchanted club.
* * * LOW HITPOINT WARNING * * *
You barely miss Robin.
Robin is lightly wounded.
The gnoll hits you from afar with a spear!
* * * LOW HITPOINT WARNING * * *
Robin hits you with an enchanted club.
You die...

### ...
###.## ....
#.##########
#.g@(((((..#
#g#)######.#
#.#......#
#.######.#
#gs.# #g#.#
#g#.# #.# .
#.# ##


You could see Robin and a gnoll.

Vanquished Creatures
  3 gnolls (D:3)
  An adder (D:2)
  An ooze (D:2)
  12 goblins
  7 hobgoblins
  7 jackals (D:2)
  4 quokkas (D:2)
  5 bats
  7 frilled lizards
  2 kobolds
  7 rats
56 creatures vanquished.

Notes
Turn   | Place    | Note
-------+----------+-------------------------------------------
     0 | D:1      | ranter the Troll Berserker began the quest for the Orb.
     0 | D:1      | Reached XP level 1. HP: 22/22 MP: 0/0
   334 | D:1      | Reached XP level 2. HP: 25/29 MP: 1/1
  1062 | D:2      | Reached XP level 3. HP: 14/36 MP: 2/2
  1733 | D:2      | Reached ** piety under Trog
  1899 | D:3      | Reached XP level 4. HP: 17/44 MP: 3/3
  2013 | D:3      | Noticed Robin
  2087 | D:3      | Slain by Robin

Skill      XL: |  1  2  3  4 |
---------------+-------------+-----
Maces & Flails | 3 |  3.6
Dodging        | 3 |  3.2
Fighting       | 3 |  3.0

Action                   |  1- 3 |  4- 6 || total
-------------------------+-------+-------++-------
Melee: Mace              |    47 |       ||    47
       Whip              |   230 |    31 ||   261
  Use: Scroll            |     6 |       ||     6
  Eat: Chunk             |    23 |     2 ||    25
Armor: Animal skin       |   147 |     9 ||   156
Dodge: Dodged            |   174 |    23 ||   197
